 Seeded DCSS version 0.30-a0-652-gcc886f7154 (webtiles) character file.

Game seed: 10617039283874685323 (custom seed)

10572 Juicyj the Basher (level 11, 0/99 HPs)
             Began as a Minotaur Fighter on Jan 17, 2023.
             Was an Initiate of Gozag.
             Slain by an ogre mage
             ... wielding a +0 spear
              (15 damage)
             ... on level 9 of the Dungeon.
             The game lasted 00:13:06 (7634 turns).

Juicyj the Basher (Minotaur Fighter)                Turns: 7634, Time: 00:13:07

Health: 0/99       AC:  8    Str: 31    XL:     11   Next: 37%
Magic:  10/10      EV: 13    Int:  5    God:    Gozag
Gold:   134        SH:  6    Dex: 14    Spells: 10/10 levels left

rFire   + . .      SeeInvis .    o - +5 hammer "Suyxkin" {flame, Dex+4}
rCold   x . .      Faith    .    c - +0 buckler
rNeg    . . .      Spirit   .    b - +0 scale mail
rPois   .          Reflect  .    (helmet restricted)
rElec   .          Harm     .    D - scarf {repulsion}
rCorr   .          Rampage  .    (no gloves)
Will    .....                    (no boots) Stlth
                                 H - amulet of regeneration
HPRegen 1.16/turn                m - +6 ring of strength
MPRegen 0.12/turn                r - ring of Lady Luck {Fire Slay+3}

@: gold aura, repel missiles
A: horns 2, retaliatory headbutt
a: Renounce Religion, Potion Petition, Call Merchant, Bribe Branch


You were on level 9 of the Dungeon.
You worshipped Gozag.
Gozag was aware of your devotion.
You visited 2 branches of the dungeon, and saw 11 of its levels.

You collected 2321 gold pieces.
You spent 2093 gold pieces at shops.
You paid 94 gold pieces to Gozag.

Inventory:

Hand Weapons
 a - a +0 war axe
 o - the +5 hammer "Suyxkin" (weapon) {flame, Dex+4}
   (You found it on level 2 of the Dungeon)

   Dex:       It affects your dexterity (+4).
Armour
 b - a +0 scale mail (worn)
 c - a +0 buckler (worn)
 D - a scarf of repulsion (worn)
 O - the +18 Lear's hauberk
   (You bought it in a shop on level 8 of the Dungeon)
Jewellery
 l - a ring of poison resistance
 m - a +6 ring of strength (left hand)
 r - the ring of Lady Luck (right hand) {Fire Slay+3}
   (You acquired it on level 5 of the Dungeon)

   [ring of fire]

   It enhances your fire magic.
   Slay:      It affects your accuracy & damage with ranged weapons and melee
   (+3).
   rF:        It protects you from fire.
   rC:        It makes you vulnerable to cold.
 F - a ring of willpower
 H - an amulet of regeneration (around neck)
 I - a +6 ring of dexterity
 M - a +5 ring of evasion
 N - a ring of ice
Wands
 p - a wand of iceblast (6)
 w - a wand of mindburst (11)
 y - a wand of digging (6)
 z - a wand of flame (10)
 B - a wand of charming (3)
Scrolls
 f - 4 scrolls of fear {unknown}
 g - 3 scrolls of teleportation {unknown}
 h - 9 scrolls of identify {unknown}
 j - 2 scrolls of magic mapping {unknown}
 k - 2 scrolls of blinking {unknown}
 q - a scroll of enchant armour {unknown}
 t - 3 scrolls of vulnerability {unknown}
 G - a scroll of noise {unknown}
 K - a scroll of brand weapon {unknown}
 L - a scroll of poison {unknown}
Potions
 d - 3 potions of might
 e - 2 potions of resistance {unknown}
 i - 5 potions of flight {unknown}
 n - 2 potions of ambrosia {unknown}
 s - a potion of brilliance {unknown}
 u - 2 potions of attraction {unknown}
 v - a potion of curing
 x - 4 potions of berserk rage {unknown}
 A - a potion of mutation {unknown}
 C - a potion of heal wounds
 E - a potion of lignification {unknown}
 J - 2 potions of cancellation {unknown}


   Skills:
 + Level 9.7 Fighting
 - Level 3.4(8.5) Axes
 * Level 12.1(12.3) Maces & Flails
 + Level 9.7 Armour
 + Level 7.6 Dodging
 + Level 9.8 Shields


You had 10 spell levels left.
You didn't know any spells.
Your spell library contained the following spells:

 Spells                   Type           Power      Damage    Failure   Level
 Beastly Appendage        Tmut           0%         N/A       75%         1
 Summon Small Mammal      Summ           0%         N/A       75%         1
 Cigotuvi's Dreadful Rot  Necr/Pois/Air  0%         N/A       87%         2
 Ensorcelled Hibernation  Hex/Ice        0%         N/A       87%         2
 Passwall                 Tmut/Erth      0%         N/A       87%         2
 Poisonous Vapours        Pois/Air       0%         N/A       87%         2
 Wereblood                Tmut           0%         N/A       87%         2
 Call Canine Familiar     Summ           0%         N/A       98%         3
 Mephitic Cloud           Conj/Pois/Air  0%         N/A       98%         3
 Ozocubu's Armour         Ice            0%         N/A       98%         3
 Spider Form              Tmut/Pois      0%         N/A       98%         3
 Summon Guardian Golem    Hex/Summ       0%         N/A       98%         3
 Swiftness                Air            0%         N/A       98%         3
 Anguish                  Hex/Necr       0%         N/A       100%        4
 Summon Ice Beast         Ice/Summ       0%         N/A       100%        4
 Summon Mana Viper        Hex/Summ       0%         N/A       100%        5
 Monstrous Menagerie      Summ           0%         N/A       100%        7
 Ozocubu's Refrigeration  Ice            0%         4d7       100%        7


Dungeon Overview and Level Annotations

Branches:
Dungeon (10/15)            Temple (1/1) D:7            Lair (0/5) D:9
    Orc: D:9-12

Altars:
Ashenzari
Cheibriados
Dithmenos
Elyvilon
Fedhas
Gozag
Hepliaklqana
Kikubaaqudgha
Makhleb
Nemelex Xobeh
Okawaru
Qazlal
Ru
Sif Muna
Trog
Uskayaw
Vehumet
Wu Jian
Xom
Yredelemnul
Zin
The Shining One

Shops:
D:8 [?**!


Innate Abilities, Weirdness & Mutations

You have a pair of horns on your head.
You reflexively headbutt those who attack you in melee.


Message History

No reachable target in view!
No reachable target in view!
You now have 134 gold pieces (gained 16).
Things that are here:
a +0 giant spiked club; a +0 giant club You start resting.
The mana viper is distracted by your dazzling golden aura.
The mana viper is no longer distracted by gold.
There is a stone staircase leading down here.
You start resting.
HP restored.
You climb downwards.
The ogre mage mumbles some strange words.
The ogre mage flickers and vanishes!
Deactivating autopickup; reactivate with Ctrl-A.
Something hits you!
There is a stone staircase leading up, spattered with blood here.
The two-headed ogre closely misses you.
The two-headed ogre hits you with a +0 giant club!!
You climb upwards.
Reactivating autopickup.
There is a stone staircase leading down here.
You can't go up here!
You barely miss the two-headed ogre. You headbutt the two-headed ogre!
The two-headed ogre is lightly wounded.
You hear some strange, mumbled words.
Deactivating autopickup; reactivate with Ctrl-A.
You suddenly lose the ability to move!
The two-headed ogre barely misses you.
The two-headed ogre hits you with a +0 giant club!!
Something hits you!
The two-headed ogre hits you with a +0 giant club! x2
* * * LOW HITPOINT WARNING * * *
You can move again.
You bludgeon the two-headed ogre!! You burn the two-headed ogre.
You headbutt the two-headed ogre.
The two-headed ogre is severely wounded.
Something hits you!
You die...
Your body crumbles into a pile of gold.

#.#_._..## #......###.##
#.#.._._## #............
#.#.>_S.####....#####.##
#.#######.......#####.#
#...^.................#
#............###########
#...........### ####
#.............# #...
####..O@).....# #.##
###..{.....#######.##
#........#.........
#........#..~.~..~.
#........#....~..~~
#........#....~~~≈≈
#........#....~≈~~~
#########'####....≈≈≈..
#.........(.....~≈.≈~~.


You could see a two-headed ogre and a mana viper.

Vanquished Creatures
  4 two-headed ogres
  Maggie (D:7)
  Grinder (D:6)
  A troll (D:9)
  A wraith (D:9)
  A wyvern (D:9)
  19 yaks
  A steam dragon (D:7)
  A water moccasin (D:7)
  Duvessa (D:6)
  2 ice beasts
  A sky beast (D:7)
  2 orc warriors
  A black bear (D:7)
  An ogre (D:10)
  A wolf (D:9)
  3 centaurs
  A phantom (D:5)
  3 kobold brigands
  A necrophage (D:5)
  6 bullfrogs
  A gnoll sergeant (D:8)
  2 scorpions
  Dowan (D:6)
  8 wights (D:7)
  7 killer bees
  An electric eel (D:9)
  7 howler monkeys
  10 hounds
  Crazy Yiuf (D:2)
  A gnoll bouda (D:6)
  An orc priest (D:6)
  A jelly (D:5)
  4 iguanas
  12 orc wizards
  12 gnolls
  10 adders
  4 white imps
  An ufetubus (D:5)
  A worm (D:2)
  A dart slug (D:4)
  27 orcs
  10 ball pythons
  3 endoplasms
  6 giant cockroaches
  9 goblins
  4 hobgoblins
  7 jackals
  2 quokkas (D:2)
  4 bats
  2 frilled lizards (D:1)
  19 kobolds
  6 rats
238 creatures vanquished.

Vanquished Creatures (others)
  A water moccasin (D:7)
1 creature vanquished.

Grand Total: 239 creatures vanquished

Notes
Turn   | Place    | Note
-------+----------+-------------------------------------------
     0 | D:1      | Juicyj the Minotaur Fighter began the quest for the Orb.
     0 | D:1      | Reached XP level 1. HP: 19/19 MP: 0/0
    80 | D:1      | Reached XP level 2. HP: 27/27 MP: 1/1
   500 | D:1      | Reached XP level 3. HP: 29/33 MP: 2/2
   914 | D:2      | Reached XP level 4. HP: 40/40 MP: 3/3
   998 | D:2      | Found a runed translucent door.
   998 | D:2      | Identified the +5 hammer "Suyxkin" {flame, Dex+4}
  1001 | D:2      | Noticed Crazy Yiuf
  1253 | D:2      | Killed Crazy Yiuf
  1254 | D:2      | Reached skill level 1 in Maces & Flails
  1254 | D:2      | Reached XP level 5. HP: 44/47 MP: 4/4
  1345 | D:3      | Reached skill level 1 in Dodging
  1900 | D:4      | Reached skill level 2 in Maces & Flails
  2218 | D:4      | Reached XP level 6. HP: 32/55 MP: 5/5
  2307 | D:4      | Reached skill level 5 in Shields
  2338 | D:4      | Reached skill level 5 in Fighting
  2338 | D:4      | Reached skill level 5 in Armour
  2430 | D:5      | Entered Level 5 of the Dungeon
  2444 | D:5      | Reached skill level 3 in Maces & Flails
  2654 | D:5      | Reached XP level 7. HP: 61/61 MP: 6/6
  2715 | D:5      | Reached skill level 4 in Maces & Flails
  2800 | D:5      | Reached skill level 5 in Maces & Flails
  2806 | D:5      | Identified 2 scrolls of acquirement
  2806 | D:5      | Acquired 235 gold pieces
  2808 | D:5      | Acquired the ring of Lady Luck {Fire Slay+3}
  3180 | D:5      | Reached XP level 8. HP: 56/70 MP: 7/7
  3475 | D:6      | Reached skill level 6 in Maces & Flails
  3539 | D:6      | Noticed Dowan
  3540 | D:6      | Noticed Duvessa
  3544 | D:6      | Killed Dowan
  3547 | D:6      | Killed Duvessa
  3767 | D:6      | Noticed Grinder
  3775 | D:6      | Killed Grinder
  3776 | D:6      | Reached skill level 7 in Maces & Flails
  4237 | D:7      | Reached XP level 9. HP: 78/78 MP: 8/8
  4452 | D:7      | Reached skill level 8 in Maces & Flails
  4455 | D:7      | Reached skill level 5 in Dodging
  4603 | D:7      | Noticed Maggie
  4611 | D:7      | Killed Maggie
  4666 | D:7      | Reached skill level 9 in Maces & Flails
  5434 | D:7      | Found a glowing silver altar of Zin.
  5503 | D:7      | Found a stormy altar of Qazlal.
  5651 | D:7      | Found a staircase to the Ecumenical Temple.
  5669 | Temple   | Entered the Ecumenical Temple
  5743 | Temple   | Became a worshipper of Gozag Ym Sagoz the Greedy
  5783 | D:8      | Found Nattux's Magic Scroll Shoppe.
  5821 | D:8      | Reached XP level 10. HP: 56/88 MP: 9/9
  5851 | D:8      | Reached skill level 10 in Maces & Flails
  6002 | D:8      | Found Nofuus's General Store.
  6185 | D:8      | Found Tur Zial's Armour Shop.
  6283 | D:8      | Noticed a two-headed ogre
  6292 | D:8      | Killed a two-headed ogre
  6327 | D:8      | Found Xanenim's Distillery.
  6394 | D:8      | Found Cepnuwum's General Store.
  6441 | D:9      | Noticed a two-headed ogre
  6452 | D:9      | Killed a two-headed ogre
  6456 | D:9      | Reached skill level 11 in Maces & Flails
  6586 | D:9      | Reached XP level 11. HP: 97/97 MP: 10/10
  6639 | D:9      | Found a staircase to the Lair.
  6939 | D:9      | Found a shimmering altar of Xom.
  6939 | D:9      | Found a shimmering altar of Xom.
  6940 | D:9      | Found a shimmering altar of Xom.
  7035 | D:9      | Found a shimmering altar of Xom.
  7036 | D:9      | Found a shimmering altar of Xom.
  7039 | D:9      | Found a shimmering altar of Xom.
  7040 | D:9      | Found a shimmering altar of Xom.
  7338 | D:8      | Bought a scroll of acquirement for 780 gold pieces
  7338 | D:8      | Acquired 1038 gold pieces
  7359 | D:8      | Bought the +18 Lear's hauberk for 1313 gold pieces
  7359 | D:8      | Found the +18 Lear's hauberk
  7431 | D:9      | Noticed a sea snake
  7432 | D:9      | a sea snake changed into a dream sheep
  7433 | D:10     | Entered Level 10 of the Dungeon
  7471 | D:10     | Noticed a two-headed ogre
  7472 | D:10     | Noticed a two-headed ogre
  7472 | D:10     | Noticed an ogre mage
  7476 | D:10     | Killed a two-headed ogre
  7476 | D:10     | Noticed a two-headed ogre
  7480 | D:10     | Reached skill level 12 in Maces & Flails
  7596 | D:9      | Noticed a mana viper
  7606 | D:9      | Killed a two-headed ogre
  7631 | D:9      | Paralysed by something for 2 turns
  7634 | D:9      | Slain by an ogre mage

Illustrated notes

Levels and vault maps discovered:
D:1:      lightli_arrival_maybe_door_vault, layout_loops_cross
D:2:      minmay_diamond_boxcup, layout_basic, uniq_crazy_yiuf_cottage
D:3:      layout_rooms
D:4:      layout_loops_ring
D:5:      minmay_chambers_of_fours, layout_loops_ring
D:6:      layout_loops_cross, minivault_25, uniq_duvessa, uniq_grinder
D:7:      layout_basic, mainiacjoe_overflow_big_doors, temple_hall,
          minmay_quadrilaterals, uniq_maggie
D:8:      layout_rooms, serial_shops, nicolae_stop_n_shop_2,
          nicolae_lakefront_shop, shop, shop, nicolae_stop_n_shop_1
D:9:      layout_basic, xom_shifter_show, erik_lair_island
D:10:     minmay_the_grid_plus_closed [minmay_the_grid_spin_star,
          minmay_the_grid_holed_spiral, minmay_the_grid_square_x,
          minmay_the_grid_minigrid_medium,
          minmay_the_grid_prize_four_corners_diamond_a], layout_loops_ring
Temple:   hellmonk_temple_of_storms

Skill      XL: |  1  2  3  4  5  6  7  8  9 10 11 |
---------------+----------------------------------+-----
Shields        | 4 5 6 7 8 9 |  9.8
Armour         | 4 5 6 8 9 |  9.7
Fighting       | 4 5 6 8 9 |  9.7
Axes           | 3 |  3.4
Maces & Flails | 1 2 3 5 7 9 11 12 | 12.1
Dodging        | 1 2 3 4 5 7 |  7.6

Action                   |  1- 3 |  4- 6 |  7- 9 | 10-12 || total
-------------------------+-------+-------+-------+-------++-------
Melee: War axe           |    60 |     7 |       |       ||    67
       Headbutt          |     5 |     7 |    39 |    41 ||    92
       Mace              |       |   102 |   165 |   169 ||   436
  Use: Scroll            |       |       |     2 |     1 ||     3
       Potion            |       |       |     2 |     2 ||     4
 Stab: Distracted        |       |       |       |     1 ||     1
Armor: Scale mail        |    25 |    48 |    51 |    37 ||   161
Dodge: Dodged            |    24 |    52 |   113 |    76 ||   265
       Repelled          |       |       |       |     1 ||     1
Block: Buckler           |    10 |    33 |    40 |    38 ||   121

Table legend: (Time is in decaauts)
 A = Elapsed time spent in this place.
 B = Non-inter-level travel time spent in this place.
 C = Inter-level travel time spent in this place.
 D = Time resting spent in this place.
 E = Time spent auto-exploring this place.
 F = Levels seen in this place.
 G = Mean time per level.
                   A        B        C        D        E       F      G
               +--------+--------+--------+--------+--------+-----+--------+
         Total |   7700 |   7278 |    422 |    239 |   5734 |  11 |  700.0 |
       Dungeon |   7607 |   7185 |    422 |    239 |   5734 |  10 |  760.7 |
        Temple |     92 |     92 |      0 |      0 |      0 |   1 |   92.0 |
               +--------+--------+--------+--------+--------+-----+--------+

Top non-repeatable levels by time:
     D:7: 1462 daAuts
     D:9: 1105 daAuts
     D:5: 1010 daAuts
     D:4: 803 daAuts
     D:6: 802 daAuts
     D:2: 694 daAuts
     D:8: 681 daAuts
     D:1: 624 daAuts
     D:3: 356 daAuts
  Temple: 92 daAuts
    D:10: 66 daAuts
